 Dungeon Crawl Stone Soup version 0.28.0-45-g0d030f2227 (console) character file.

Game seed: 8927554682584122084

489 Faeu the Covered (level 6, 0/57 HPs)
             Began as a Minotaur Fighter on Apr 20, 2022.
             Killed by divine providence
             ... invoked by an orc priest
              (14 damage)
             ... on level 4 of the Dungeon.
             The game lasted 00:08:32 (3180 turns).

Faeu the Covered (Minotaur Fighter)                 Turns: 3180, Time: 00:08:33

Health: 0/57       AC: 13    Str: 29    XL:     6   Next: 90%
Magic:  5/5        EV:  7    Int:  5    God:
Gold:   77         SH:  5    Dex:  9    Spells: 5/5 levels left

rFire   . . .      SeeInvis +   a - +0 long sword {long}
rCold   . . .      Faith    .   c - +0 buckler
rNeg    . . .      Spirit   .   v - +0 plate armour
rPois   .          Reflect  .   (helmet restricted)
rElec   .          Harm     .   r - +0 cloak
rCorr   .          Rampage  .   (no gloves)
Will    .....                   (no boots)
Stlth   ..........              (no amulet)
HPRegen 0.19/turn               e - ring of see invisible
MPRegen 0.09/turn               t - +6 ring of strength

@: no status effects
A: horns 2, retaliatory headbutt
a: no special abilities


You were on level 4 of the Dungeon.
You visited 1 branch of the dungeon, and saw 4 of its levels.

You collected 77 gold pieces.


Innate Abilities, Weirdness & Mutations

You have a pair of horns on your head.
You reflexively headbutt those who attack you in melee.


   Skills:
 + Level 5.6 Fighting
 + Level 4.9 Long Blades
 + Level 5.6 Armour
 + Level 5.6 Shields


You had 5 spell levels left.
You didn't know any spells.
Your spell library contained the following spells:

 Spells                   Type           Power      Damage    Failure   Level
 Foxfire                  Conj/Fire      0%         2x1d4     100%        1

Inventory:

Hand Weapons
 a - a +0 long sword (weapon) {long}
 n - a +1 dagger of venom {short}
   (You took it off a goblin on level 2 of the Dungeon)
 q - a +3 quarterstaff of chaos {staff}
   (You took it off Crazy Yiuf on level 2 of the Dungeon)
 u - a +1 dagger of holy wrath {short}
   (You took it off a goblin on level 3 of the Dungeon)
Missiles
 k - a throwing net (quivered) {=f!fthrowing}
Armour
 c - a +0 buckler (worn)
 r - a +0 cloak (worn)
   (You took it off Crazy Yiuf on level 2 of the Dungeon)
 v - a +0 plate armour (worn)
   (You found it on level 3 of the Dungeon)
Jewellery
 e - a ring of see invisible (left hand)
   (You found it on level 1 of the Dungeon)
 t - a +6 ring of strength (right hand)
   (You found it on level 3 of the Dungeon)
Wands
 o - a wand of flame (8)
   (You took it off Terence on level 2 of the Dungeon)
Scrolls
 f - a scroll of fear {unknown}
 g - a scroll of acquirement {unknown}
 l - 2 scrolls of amnesia {unknown}
 m - 2 scrolls of enchant weapon {unknown}
 p - 2 scrolls of magic mapping {unknown}
 s - a scroll of teleportation {unknown}
Potions
 d - 3 potions of might
 h - 2 potions of brilliance {unknown}
 i - 2 potions of curing {unknown}
 j - a potion of haste {unknown}

Dungeon Overview and Level Annotations

Branches:
Dungeon (4/15)
 Temple: D:4-7

Altars:
Cheibriados
Ru

#############
#...........#
#.#########.#
#@#......##.#
#†#.####....#
#o#....#.#### .
#S####.#### ..
#S#.......# ..
##o##.#.##.#
###.##o.o..#..#.########
.......g.........[......
................###.)...
#####.#'##.##.#####.#.##
..............#.....#.#


You could see an orc priest, 3 orcs, a hobgoblin and 2 ball pythons.


Message History

You closely miss the ball python. You block the ball python's attack.
The ball python constricts you. The ball python bites you.
The ball python constricts you. 😕 HP[-1]
You take 1 damage, and now have 54/56 hp.
You hit the ball python.
You kill the ball python!
You block the black bear's attack.
The black bear claws you but does no damage. x2
You slash the black bear!
The black bear bites you but does no damage.
The black bear claws you but does no damage.
You block the black bear's attack. 😕 HP[+1]
You slash the black bear!
The black bear bites you but does no damage.
You block the black bear's attack. The black bear completely misses you.
You hit the black bear. Your headbutt misses the black bear.
The black bear goes berserk!
The black bear bites you. The black bear barely misses you.
The black bear claws you but does no damage. 😕 HP[-2]
You take 2 damage, and now have 53/56 hp.
You hit the black bear. The black bear bites you.
The black bear claws you but does no damage. x2 😕 HP[-5]
You take 5 damage, and now have 48/56 hp.
You hit the black bear. You headbutt the black bear.
You kill the black bear! 😕 HP[+1]
You see here a black bear corpse.
An adder comes into view.
The adder hisses angrily.
The adder moves out of view.
A quokka comes into view.
You closely miss the adder. The adder barely misses you.
The adder bites you but does no damage. 😕 HP[+1]
You slash the adder!
You kill the adder!
You barely miss the quokka. You block the quokka's attack.
The quokka bites you but does no damage.
You barely miss the quokka. Your headbutt misses the quokka.
You block the quokka's attack.
You barely miss the quokka. The quokka bites you. 😕 HP[-2]
You take 2 damage, and now have 48/56 hp.
You slash the quokka!
You kill the quokka! 😕 HP[+1]
You now have 57 max hp (+1).
You see here a quokka corpse. 😕 HP[+1]
An orc comes into view. It is wielding a +0 flail.
A hobgoblin comes into view.
The hobgoblin shouts!
There is an open door here.
An orc comes into view. It is wielding a +0 short sword.
The orc shouts!
An orc priest comes into view. It is wielding a +0 whip. 😕 HP[+1]
The orc priest shouts!
You hit the orc but do no damage.
An orc comes into view. It is wielding a +0 dagger.
A ball python comes into view.
The orc priest invokes the aid of Beogh against you.
Beogh smites you!
An orc comes into view. It is wielding a +0 flail.
The orc hits you but does no damage.
The orc shouts! 😮 HP[-12]
You take 12 damage, and now have 39/57 hp.
MASSIVE DAMAGE!! (PAUSE)
The ball python hisses angrily.
You hit the orc.
A ball python comes into view.
The orc hits you with a +0 flail! 😮 HP[-8]
You take 8 damage, and now have 31/57 hp.
You closely miss the orc. The orc hits you but does no damage.
You hit the orc but do no damage. You headbutt the orc.
You kill the orc!
The hobgoblin hits you.
You block the hobgoblin's attack. 😮 HP[-2]
You take 2 damage, and now have 29/57 hp.
There is an open door here. 😮 HP[+1]
The orc priest calls down the wrath of Beogh upon you.
Beogh smites you!
* * * LOW HITPOINT WARNING * * *
😱 HP[-17]
You take 17 damage, and now have 13/57 hp.
MASSIVE DAMAGE!! (PAUSE)
You see here a quokka corpse. 😱 HP[+1]
The orc priest looks encouraged for a moment.
You see here a black bear corpse.
The orc priest calls down the wrath of Beogh upon you.
Beogh smites you!
You die...

Skill      XL: |  1  2  3  4  5 |
---------------+----------------+-----
Fighting       | 4 5 |  5.6
Long Blades    | 3 4 |  4.9
Armour         | 4 5 |  5.6
Shields        | 4 5 |  5.6

Action                   |  1- 3 |  4- 6 || total
-------------------------+-------+-------++-------
Melee: Long sword        |    67 |   130 ||   197
       Headbutt          |     9 |    22 ||    31
Armor: Scale mail        |    27 |    24 ||    51
       Plate armour      |       |    47 ||    47
Dodge: Dodged            |    35 |    50 ||    85
Block: Buckler           |    14 |    28 ||    42

Levels and vault maps discovered:
D:1:      tarquinn_simple_flora_water_a, layout_basic, minmay_misc_feat_ornament
D:2:      layout_loops_cross, basic_altar, shapermc_ecumenical_altar_rom_forum,
          uniq_crazy_yiuf_cottage, uniq_natasha, uniq_terence
D:3:      minmay_chambers_of_threes, layout_loops_cross,
          mainiacjoe_overflow_concentric_impassable
D:4:      layout_basic

Notes
Turn   | Place    | Note
-------+----------+-------------------------------------------
     0 | D:1      | Faeu the Minotaur Fighter began the quest for the Orb.
     0 | D:1      | Reached XP level 1. HP: 19/19 MP: 0/0
     0 | D:1      | magus.rc [v1.9.6]
   108 | D:1      | Reached XP level 2. HP: 27/27 MP: 1/1
   515 | D:1      | magus.rc [v1.9.6]
   641 | D:2      | Noticed Natasha
   643 | D:2      | Noticed a crimson imp
   649 | D:2      | Killed Natasha
   650 | D:2      | Reached skill level 4 in Fighting
   650 | D:2      | Reached skill level 3 in Long Blades
   650 | D:2      | Reached skill level 4 in Armour
   650 | D:2      | Reached skill level 4 in Shields
   650 | D:2      | Reached XP level 3. HP: 8/33 MP: 2/2
   864 | D:2      | Found a faded altar of an unknown god.
   869 | D:2      | Got Plato's Catalogue of Attacks
  1206 | D:2      | Noticed Terence
  1209 | D:2      | Noticed Natasha
  1221 | D:2      | Killed Terence
  1222 | D:2      | Reached XP level 4. HP: 13/41 MP: 3/3
  1222 | D:2      | HP: 10/41 [Natasha/magic dart (3)]
  1235 | D:2      | HP: 5/41 [Natasha/magic dart (7)]
  1514 | D:2      | Killed Natasha
  1783 | D:2      | Found a sacrificial altar of Ru.
  1913 | D:2      | Noticed Natasha
  1919 | D:2      | Killed Natasha
  1920 | D:2      | Reached XP level 5. HP: 41/47 MP: 4/4
  1976 | D:2      | Found a runed translucent door.
  1977 | D:2      | Noticed Crazy Yiuf
  2119 | D:2      | Killed Crazy Yiuf
  2120 | D:2      | Reached skill level 4 in Long Blades
  2359 | D:3      | Reached skill level 5 in Armour
  2378 | D:3      | Found a snail-covered altar of Cheibriados.
  2383 | D:3      | Reached skill level 5 in Fighting
  2383 | D:3      | Reached skill level 5 in Shields
  2831 | D:3      | Reached XP level 6. HP: 56/56 MP: 5/5
  3173 | D:4      | HP: 13/57 [orc priest/divine providence (17)]
  3180 | D:4      | Killed from afar by an orc priest

Vanquished Creatures
  A black bear (D:4)
  A phantom (D:4)
  Crazy Yiuf (D:2)
  Terence (D:2)
  Natasha (thrice) (D:2)
  An orc wizard (D:3)
  9 adders
  A worm (D:2)
  8 orcs
  6 ball pythons
  6 bats
  5 endoplasms
  A giant cockroach (D:3)
  8 goblins
  10 hobgoblins
  4 quokkas
  A frilled lizard (D:3)
  6 kobolds
  9 rats
82 creatures vanquished.

Vanquished Creatures (others)
  2 fungi (D:2)
  2 plants (D:2)
4 creatures vanquished.

Grand Total: 86 creatures vanquished

Table legend:
 A = Non-vault XP
 B = Vault XP
 C = Vault XP percentage of total XP
 D = Non-vault monster count
 E = Vault monster count
 F = Vault count percentage of total count
                 A         B        C        D         E       F
            +---------+---------+-------+---------+---------+-------
      Total |     518 |     181 |  25.9 |      67 |      15 |  18.3
            +---------+---------+-------+---------+---------+-------
        D:1 |      17 |       0 |   0.0 |      10 |       0 |   0.0
        D:2 |     149 |     117 |  44.0 |      26 |       3 |  10.3
        D:3 |      86 |      64 |  42.7 |      21 |      12 |  36.4
        D:4 |     266 |       0 |   0.0 |      10 |       0 |   0.0
            +---------+---------+-------+---------+---------+-------

Illustrated notes

Table legend:
 A = Kills in this place as a percentage of kills in entire the game.
 B = Kills by you in this place as a percentage of kills by you in the entire game.
 C = Kills by friends in this place as a percentage of kills by friends in the entire game.
 D = Other kills in this place as a percentage of other kills in the entire game.
 E = Experience gained in this place as a percentage of experience gained in the entire game.
 F = Experience gained in this place divided by the number of levels of this place that you have seen.
                   A       B       C       D       E      F
               +-------+-------+-------+-------+-------+----------------------
         Total | 100.0 | 100.0 |   N/A |   N/A | 100.0 | 174.8
       Dungeon | 100.0 | 100.0 |   N/A |   N/A | 100.0 | 174.8
               +-------+-------+-------+-------+-------+----------------------

Table legend: (Time is in decaauts)
 A = Elapsed time spent in this place.
 B = Non-inter-level travel time spent in this place.
 C = Inter-level travel time spent in this place.
 D = Time resting spent in this place.
 E = Time spent auto-exploring this place.
 F = Levels seen in this place.
 G = Mean time per level.
                   A        B        C        D        E       F      G
               +--------+--------+--------+--------+--------+-----+--------+
         Total |   3240 |   3076 |    164 |    310 |   1994 |   4 |  810.0 |
       Dungeon |   3240 |   3076 |    164 |    310 |   1994 |   4 |  810.0 |
               +--------+--------+--------+--------+--------+-----+--------+

Top non-repeatable levels by time:
     D:2: 1390 daAuts
     D:1: 886 daAuts
     D:3: 834 daAuts
     D:4: 128 daAuts
